 Dungeon Crawl Stone Soup version 0.30.1-3-gfc49f6343a (webtiles) character file.

Game seed: 5980408035284461822

143 ANON1729 the Trooper (level 5, 0/47 HPs)
             Began as a Minotaur Monk on Aug 9, 2023.
             Succumbed to a goblin's poison
             ... on level 3 of the Dungeon.
             The game lasted 00:01:09 (2398 turns).

ANON1729 the Trooper (Minotaur Monk)                Turns: 2398, Time: 00:01:09

Health: 0/47       AC:  3    Str: 12 (15) XL:     5   Next: 4%
Magic:  5/5        EV: 13    Int:  6 (7)  God:
Gold:   181        SH:  0    Dex: 14 (15) Spells: 4/4 levels left

rFire   . . .        o - +3 short sword
rCold   . . .        d - orb {light}
rNeg    . . .        b - +0 robe
rPois   .            (helmet restricted)
rElec   .            i - +0 cloak
rCorr   .            (no gloves)
SInv    .            (no boots)
Will    .....        (no amulet)
Stlth   +            (no ring)
HPRegen 0.27/turn    (no ring)
MPRegen 0.09/turn

%: no passive effects
@: mighty, lethally poisoned (0 -> -6), flying, glowing
A: horns 2, retaliatory headbutt
a: no special abilities


You were on level 3 of the Dungeon.
You visited 1 branch of the dungeon, and saw 3 of its levels.

You collected 181 gold pieces.

Inventory:

Hand Weapons
 a - a +0 short sword
 o - a +3 short sword (weapon)
Armour
 b - a +0 robe (worn)
 d - an orb of light (worn)
 i - a +0 cloak (worn)
Wands
 h - a wand of flame (26)
Scrolls
 f - 2 scrolls of identify {unknown}
 k - a scroll of fear {unknown}
 l - 2 scrolls of blinking {unknown}
 n - a scroll of silence {unknown}
 p - a scroll of poison {unknown}


   Skills:
 + Level 4.5 Fighting
 + Level 4.1 Short Blades
 + Level 2.3 Armour
 + Level 4.0 Dodging
 + Level 1.8 Invocations


You had 4 spell levels left.
You didn't know any spells.
Your spell library contained the following spells:

 Spells                   Type           Power      Damage    Failure   Level
 Apportation              Tloc           0%         N/A       45%         1
 Alistair's Intoxication  Tmut/Pois      0%         N/A       100%        5


Dungeon Overview and Level Annotations

Branches:
Dungeon (3/15)

Altars:

Annotations:
D:3 Robin


Innate Abilities, Weirdness & Mutations

You have a pair of horns on your head.
You reflexively headbutt those who attack you in melee.


Message History

* * * LOW HITPOINT WARNING * * *
You feel very sick. The goblin hits you but does no damage.
It was a potion of degeneration.
There was something very wrong with that liquid.
You feel weakened.
You feel dopey.
You feel clumsy.
* * * LOW HITPOINT WARNING * * *
You feel very sick. The hobgoblin hits you.
* * * LOW HITPOINT WARNING * * *
The goblin hits you but does no damage.
It was a potion of flight.
You feel very buoyant.
You fly up into the air.
You feel less invigorated.
You feel less confused.
* * * LOW HITPOINT WARNING * * *
You feel very sick. The goblin hits you with a +0 dagger.
* * * LOW HITPOINT WARNING * * *
Robin hits you but does no damage. The hobgoblin closely misses you.
You furiously retaliate!
You headbutt the hobgoblin!
You kill the hobgoblin!
It was a potion of might.
You feel very mighty all of a sudden.
* * * LOW HITPOINT WARNING * * *
You feel sick. The hobgoblin misses you. You furiously retaliate!
You headbutt the hobgoblin!
You kill the hobgoblin!
Robin misses you. The goblin hits you but does no damage.
It was a potion of magic.
Magic courses through your body.
* * * LOW HITPOINT WARNING * * *
You feel sick. The goblin closely misses you.
Robin hits you from afar with a +0 spear.
* * * LOW HITPOINT WARNING * * *
Okay, then.
Unknown command.
Unknown command.
You hit the goblin.
You kill the goblin!
You die...

.............. ##.## ...........
.............. #8.8# .......^#..
...........).. ##.## ...........
.............. ##.## ...........
.............. #8.8# ........#.#
...............##.## .....(..#.#
...............##'##............#
...............).........
.........##.##.#@###.....
..#......# ## #†# ....
..#......##.# #)g.......
..#.........# ..####....
..#.......... ...# .
.[#..............#
..#..............#
..+.<.†.....##.#.#
#.#.....######.#>.


You could see Robin.

Vanquished Creatures
  Jessica (D:2)
  3 gnolls (D:3)
  2 worms (D:2)
  3 dart slugs
  An orc (D:3)
  8 ball pythons
  6 endoplasms
  3 giant cockroaches
  8 hobgoblins
  5 kobolds
  2 quokkas
  4 bats
  5 frilled lizards
  14 goblins
  7 rats
72 creatures vanquished.

Notes
Turn   | Place    | Note
-------+----------+-------------------------------------------
     0 | D:1      | ANON1729 the Minotaur Monk began the quest for the Orb.
     0 | D:1      | Reached XP level 1. HP: 19/19 MP: 0/0
   267 | D:1      | Reached XP level 2. HP: 9/27 MP: 1/1
   518 | D:1      | Reached skill level 1 in Armour
   917 | D:2      | Reached skill level 1 in Invocations
   917 | D:2      | Reached XP level 3. HP: 30/33 MP: 2/2
  1276 | D:2      | Found a faded altar of an unknown god.
  1303 | D:2      | Noticed Jessica
  1310 | D:2      | Killed Jessica
  1456 | D:2      | Reached XP level 4. HP: 40/40 MP: 3/3
  2381 | D:3      | Noticed Robin
  2389 | D:3      | Reached XP level 5. HP: 43/47 MP: 5/5
  2397 | D:3      | HP: 2/47 [Robin/+0 spear (3)]
  2398 | D:3      | Succumbed to a goblin's poison

Illustrated notes

Levels and vault maps discovered:
D:1:      dpeg_arrival_orchard, layout_loops_ring
D:2:      layout_basic, chequers_ecumenical_altar_grove, grunt_decor_resistance,
          minmay_three_crescents, uniq_jessica
D:3:      layout_basic, dk_noncrumbling_2, uniq_grinder, uniq_robin

Skill      XL: |  1  2  3  4 |
---------------+-------------+-----
Armour         | 1 2 |  2.3
Invocations    | 1 |  1.8
Fighting       | 4 |  4.5
Short Blades   | 4 |  4.1
Dodging        | 4 |  4.0

Action                     |  1- 3 |  4- 6 || total
---------------------------+-------+-------++-------
  Melee: Short sword       |    85 |    66 ||   151
         Headbutt          |    11 |    19 ||    30
    Use: Potion            |       |     5 ||     5
   Stab: Distracted        |       |     1 ||     1
 Armour: Robe              |     7 |    14 ||    21
  Dodge: Dodged            |    47 |    39 ||    86
